 Dungeon Crawl Stone Soup version 0.21.0-24-g2553a33 (webtiles) character file.

719 Suckerboh the Magician (level 7, -1/37 HPs)
             Began as a Deep Elf Fire Elementalist on Jan 20, 2018.
             Was a Follower of Vehumet.
             Slain by an orc wizard
             ... wielding a +0 dagger
              (6 damage)
             ... on level 6 of the Dungeon.
             The game lasted 00:08:15 (4639 turns).

Suckerboh the Magician (Deep Elf Fire Elementalist) Turns: 4639, Time: 00:08:15

Health: -1/37      AC:  2    Str:  5    XL:     7   Next: 42%
Magic:  4/18       EV: 13    Int: 22    God:    Vehumet [*.....]
Gold:   268        SH:  0    Dex: 15    Spells: 10/18 levels left

rFire    . . .     SeeInvis .   v - staff of death
rCold    . . .     Gourm    .   (no shield)
rNeg     + . .     Faith    .   a - +0 robe
rPois    +         Spirit   .   (no helmet)
rElec    .         Reflect  .   (no cloak)
rCorr    .         Harm     .   (no gloves)
MR       .....                  (no boots)
Stlth    ++........             (no amulet)
HPRegen  0.12/turn              s - ring of poison resistance
MPRegen  0.16/turn              (no ring)

@: no status effects
A: no striking features
a: Renounce Religion


You were on level 6 of the Dungeon.
You worshipped Vehumet.
Vehumet was aware of your devotion.
You were not hungry.

You visited 1 branch of the dungeon, and saw 6 of its levels.

You collected 268 gold pieces.

Inventory:

Armour
 a - a +0 robe (worn)
Magical Staves
 v - an uncursed staff of death (weapon)
Jewellery
 s - a ring of poison resistance (left hand)
Wands
 u - a wand of digging (10)
Scrolls
 d - a scroll of amnesia {unknown}
 e - a scroll of magic mapping {unknown}
 f - 2 scrolls of remove curse {unknown}
 g - 4 scrolls of teleportation {unknown}
 i - a scroll of blinking {unknown}
 j - 5 scrolls of identify {unknown}
 k - 5 scrolls of fog {unknown}
 l - 2 scrolls of random uselessness {unknown}
 p - a scroll of enchant weapon {unknown}
 w - a scroll of enchant armour {unknown}
 x - a scroll of fear {unknown}
Potions
 h - 3 potions of invisibility {unknown}
 m - a potion of berserk rage {unknown}
 n - 2 potions of curing {unknown}
 o - 2 potions of heal wounds {unknown}
 q - a potion of flight {unknown}
 r - a potion of lignification {unknown}
Books
 b - a book of Flames

   Spells                             Type                      Level
   a - Flame Tongue                   Conjuration/Fire             1
   b - Throw Flame                    Conjuration/Fire             2
   c - Conjure Flame                  Conjuration/Fire             3
   d - Inner Flame                    Hexes/Fire                   3
   e - Sticky Flame                   Conjuration/Fire             4
   f - Fireball                       Conjuration/Fire             5
 t - a book of Maledictions

   Spells                             Type                      Level
   a - Corona                         Hexes                        1
   b - Ensorcelled Hibernation        Hexes/Ice                    2
   c - Confuse                        Hexes                        3
   d - Tukima's Dance                 Hexes                        3
   e - Dazzling Spray                 Conjuration/Hexes            3
 y - a book of Conjurations

   Spells                             Type                      Level
   a - Magic Dart                     Conjuration                  1
   b - Searing Ray                    Conjuration                  2
   c - Dazzling Spray                 Conjuration/Hexes            3
   d - Fulminant Prism                Conjuration/Hexes            4
   e - Force Lance                    Conjuration/Translocation    4
   f - Iskenderun's Mystic Blast      Conjuration                  4
Comestibles
 c - 11 rations
 z - a chunk of flesh


   Skills:
 + Level 0.8 Fighting
 + Level 3.2 Dodging
 - Level 2.4 Stealth
 + Level 6.1 Spellcasting
 * Level 6.0 Conjurations
 + Level 5.3 Fire Magic


You had 10 spell levels left.
You knew the following spells:

 Your Spells              Type           Power        Failure   Level  Hunger
a - Flame Tongue          Conj/Fire      ####.        1%          1    None
b - Conjure Flame         Conj/Fire      ####....     2%          3    #......
c - Sticky Flame          Conj/Fire      ####....     9%          4    ###....


Dungeon Overview and Level Annotations

Branches:
Dungeon (6/15)             Temple (0/1) D:4

Altars:
Sif Muna
Uskayaw
Vehumet
Xom

Shops:
D:4 (   D:5 ?

Annotations:
D:6 Duvessa


Message History

The killer bee is lightly wounded.
The killer bee is covered in liquid flames!
The killer bee buzzes angrily.
The killer bee burns! x2
You kill the killer bee!
Vehumet accepts your kill.
Your Conjurations skill increases to level 6!
The killer bee closely misses you.
The killer bee stings you but does no damage.
The orc wizard barely misses you.
Casting: Sticky Flame
Confirm with . or Enter, or press ? or * to list all spells.
You don't have enough magic to cast that spell.
The killer bee burns!
The orc wizard hits you with a dagger.
* * * LOW HITPOINT WARNING * * *
The killer bee closely misses you.
The killer bee burns!
The killer bee stings you.
* * * LOW HITPOINT WARNING * * *
The orc wizard hits you with a dagger.
You die...

.y.o..†......#
.o..####.....# .
##....# ##ey.##
##..o.###
###..#..†.#####
#...##.#......#
...####.####.#y.....#
#......>....@o.....#
###.##.............#
.. #.............# ##
#.............#
##.)..........#
#............#
#.......<....#
#...>..#######
........#


You could see Duvessa, 2 killer bees, an orc wizard and an orc.

Vanquished Creatures
  A phantom (D:5)
  2 ogres (D:5)
  2 killer bees (D:6)
  A howler monkey (D:5)
  A hound (D:5)
  A bullfrog skeleton (D:4)
  2 orc wizards (D:5)
  A worker ant (D:5)
  An iguana (D:6)
  6 adders
  An ooze (D:2)
  4 worms
  2 dart slugs
  3 leopard geckos (D:2)
  7 orcs
  4 bats
  4 giant cockroaches
  13 goblins
  6 hobgoblins
  2 jackals (D:1)
  5 quokkas
  A ball python (D:2)
  A ball python skeleton (D:4)
  5 frilled lizards
  9 kobolds
  A leopard gecko zombie (D:5)
  4 rats
90 creatures vanquished.

Notes
Turn   | Place    | Note
-------+----------+-------------------------------------------
     0 | D:1      | Suckerboh the Deep Elf Fire Elementalist began the quest for the Orb.
     0 | D:1      | Reached XP level 1. HP: 10/10 MP: 6/6
   123 | D:1      | Reached XP level 2. HP: 10/15 MP: 1/8
   663 | D:2      | Reached XP level 3. HP: 19/19 MP: 7/10
   928 | D:2      | Learned a level 3 spell: Conjure Flame
  1234 | D:2      | Reached XP level 4. HP: 24/24 MP: 7/11
  1240 | D:2      | Learned a level 4 spell: Sticky Flame
  1471 | D:2      | Found a shimmering altar of Xom.
  1563 | D:2      | Found a hide-covered altar of Uskayaw.
  1563 | D:2      | Found a radiant altar of Vehumet.
  1786 | D:2      | Became a worshipper of Vehumet
  2461 | D:3      | Reached * piety under Vehumet
  2461 | D:3      | Offered knowledge of Sandblast by Vehumet.
  2826 | D:4      | Reached XP level 5. HP: 28/28 MP: 9/13
  3092 | D:4      | Found Ighabocw's Antique Weapon Shoppe.
  3231 | D:4      | Found a staircase to the Ecumenical Temple.
  3270 | D:5      | Entered Level 5 of the Dungeon
  3270 | D:5      | Noticed an ogre
  3275 | D:5      | Killed an ogre
  3411 | D:5      | Reached skill level 5 in Spellcasting
  3411 | D:5      | Reached XP level 6. HP: 32/32 MP: 12/15
  3656 | D:5      | Found Ylis's Magic Scroll Shop.
  3962 | D:5      | Reached skill level 5 in Conjurations
  4228 | D:5      | Reached skill level 5 in Fire Magic
  4228 | D:5      | Reached XP level 7. HP: 30/37 MP: 9/17
  4498 | D:5      | Found a deep blue altar of Sif Muna.
  4625 | D:6      | Noticed Duvessa
  4639 | D:6      | Slain by an orc wizard

Skill      XL: |  1  2  3  4  5  6  7 |
---------------+----------------------+-----
Fire Magic     | 4 5 |  5.3
Conjurations   | 2 3 4 5 6 |  6.0
Spellcasting   | 4 5 6 |  6.1
Dodging        | 3 |  3.2
Fighting       | |  0.8
Stealth        | |  2.4

Action                   |  1- 3 |  4- 6 |  7- 9 || total
-------------------------+-------+-------+-------++-------
Melee: Unarmed           |     2 |     6 |       ||     8
       Staff             |       |    14 |     8 ||    22
 Cast: Flame Tongue      |    70 |   105 |    15 ||   190
       Sticky Flame      |       |     4 |     3 ||     7
  Eat: Chunk             |     1 |     5 |       ||     6
       Ration            |       |     1 |     1 ||     2
Armor: Robe              |     2 |     5 |     4 ||    11
Dodge: Dodged            |    26 |    59 |    16 ||   101
